 Dungeon Crawl Stone Soup version 0.30-a0-702-gdf48620a09 (webtiles) character file.

Game seed: 5132945882878661190

6457 experimilk the Fighter (level 10, 103/103 HPs)
             Began as a Pale Draconian Conjurer on Jan 21, 2023.
             Quit the game on level 8 of the Dungeon.
             The game lasted 00:16:05 (9276 turns).

experimilk the Fighter (Pale Draconian Conjurer)    Turns: 9276, Time: 00:16:06

Health: 103/103    AC:  8    Str: 12    XL:     10   Next: 67%
Magic:  26/26      EV: 12    Int: 22    God:
Gold:   525        SH:  0    Dex: 13    Spells: 12/19 levels left

rFire   + . .      SeeInvis .    k - +11 whip of Mana {vamp, rN+ rCorr Dex+3}
rCold   . . .      Faith    .    (no shield)
rNeg    + . .      Spirit   .    (body armour unavailable)
rPois   .          Reflect  .    (helmet restricted)
rElec   .          Harm     .    q - +0 cloak
rCorr   +          Rampage  .    (no gloves)
Will    .....                    (no boots)
Stlth   ++                       i - amulet of magic regeneration
HPRegen 0.37/turn                o - ring of protection from fire
MPRegen 0.60/turn                I - ring "Keunel" {MP+9 Str+2}

@: no status effects
A: breathe steam, AC +7, unfitting armour, cold-blooded, steam resistance
a: Breathe Steam


You were on level 8 of the Dungeon.
You visited 2 branches of the dungeon, and saw 9 of its levels.
You also visited: Bailey.

You collected 525 gold pieces.

Inventory:

Hand Weapons
 c - a +0 short sword
 g - a +0 whip of holy wrath
 k - the +11 whip of Mana (weapon) {vamp, rN+ rCorr Dex+3}
   (You found it on level 2 of the Dungeon)

   Dex:       It affects your dexterity (+3).
   rN:        It protects you from negative energy.
   rCorr:     It protects you from acid and corrosion.
Missiles
 s - a throwing net
Armour
 q - a +0 cloak (worn)
Magical Staves
 F - a staff of earth
Jewellery
 i - an amulet of magic regeneration (around neck)
 o - a ring of protection from fire (left hand)
 D - an amulet of guardian spirit
 E - a ring of protection from fire
 I - the ring "Keunel" (right hand) {MP+9 Str+2}
   (You acquired it on level 8 of the Dungeon)

   [ring of magical power]

   Str:       It affects your strength (+2).
   MP:        It affects your magic capacity (+9).
Wands
 r - a wand of polymorph (3)
 v - a wand of mindburst (20)
Scrolls
 d - 2 scrolls of summoning {unknown}
 e - 3 scrolls of vulnerability {unknown}
 l - 2 scrolls of poison
 m - 2 scrolls of teleportation
 n - 3 scrolls of amnesia
 p - a scroll of fear {unknown}
 u - a scroll of brand weapon {unknown}
 w - 2 scrolls of fog {unknown}
 y - a scroll of immolation {unknown}
 C - a scroll of blinking {unknown}
 J - a scroll of identify
 K - a scroll of magic mapping {unknown}
 L - a scroll of enchant weapon {unknown}
Potions
 a - a potion of magic
 b - 5 potions of lignification
 f - 3 potions of berserk rage
 h - 5 potions of might
 j - a potion of flight
 t - 2 potions of curing {unknown}
 x - 2 potions of haste {unknown}
 z - 2 potions of invisibility {unknown}
 A - 2 potions of cancellation
 B - 2 potions of attraction
 G - a potion of brilliance {unknown}
 H - a potion of resistance {unknown}


   Skills:
 + Level 14.0 Fighting
 - Level 1.7 Dodging
 - Level 1.7 Stealth
 - Level 5.0 Spellcasting
 - Level 9.0 Conjurations
 - Level 3.0 Evocations


You had 12 spell levels left.
You knew the following spells:

 Your Spells              Type           Power      Damage    Failure   Level
a - Magic Dart            Conj           100%       1d8       1%          1
x - Iskenderun's Mystic   Conj/Tloc      25%        2d7       16%         4
z - Searing Ray           Conj           90%        2d7       1%          2

Your spell library contained the following spells:

 Spells                   Type           Power      Damage    Failure   Level
 Dazzling Flash           Conj/Hex       50%        N/A       4%          3
 Summon Small Mammal      Summ           20%        N/A       10%         1
 Fulminant Prism          Conj/Hex       12%        3d8       16%         4
 Call Canine Familiar     Summ           5%         N/A       30%         3
 Summon Guardian Golem    Hex/Summ       5%         N/A       30%         3
 Animate Dead             Necr           5%         N/A       69%         4
 Borgnjor's Vile Clutch   Necr/Erth      2%         N/A       95%         5
 Death Channel            Necr           2%         N/A       100%        6


Dungeon Overview and Level Annotations

Branches:
Dungeon (8/15)             Temple (1/1) D:6          Bailey (visited)
   Lair: D:8-11

Altars:
Ashenzari
Cheibriados
Dithmenos
Elyvilon
Fedhas
Hepliaklqana
Makhleb
Nemelex Xobeh
Okawaru
Qazlal
Ru
Uskayaw
Xom
Yredelemnul
Zin
The Shining One

Annotations:
D:4 3 runed translucent doors, olddryhag's ghost, amateur DrCj


Innate Abilities, Weirdness & Mutations

You can breathe blasts of scalding, opaque steam.
Your pale cyan-grey scales are hard. (AC +7)
You cannot fit into any form of body armour.
You are cold-blooded and may be slowed by cold attacks.
You are immune to the effects of steam.


Message History

Aim: a yak (89% to hit)
The searing ray hits the yak.
The yak is lightly wounded. (Press . to maintain the ray.)
The searing ray hits the yak!
The yak is moderately wounded.
The searing ray hits the yak!
The yak is lightly wounded.
The searing ray hits the yak!
The yak is severely wounded.
The searing ray hits the yak.
The yak is moderately wounded.
The searing ray hits the yak!
The yak is almost dead.
The searing ray hits the yak!
The yak is heavily wounded.
You finish channelling your searing ray.
The yak completely misses you.
Casting: Searing Ray (safe; 1% risk of failure)
Confirm with . or Enter, or press ? or * to list all spells.
Aiming: Searing Ray (safe; 1% risk of failure)
Press: ? - help, Shift-Dir - straight line, f/p - yak
Aim: a yak (almost dead, 89% to hit)
The searing ray hits the yak.
You kill the yak!
The searing ray hits the yak!
The yak is severely wounded. (Press . to maintain the ray.)
The searing ray hits the yak!
The yak is almost dead.
The yak closely misses you.
The searing ray hits the yak!
You kill the yak!
Your Fighting skill increases to level 14!
You finish channelling your searing ray.
You have got your breath back.
Found a club.
Found an escape hatch in the floor.
L - a scroll labelled NUHAOLLOBLI Are you sure you want to abandon this character and quit the game? (Confirm with "yes".)

.....######.###...#
###### #.# #.# #
##.# . #..#
.########.###
#†.†........# #
.########.#.#
#######
#.#.####......#
#.#....@.......
#.......).##>##
########### #####
≈≈≈# #### #..#


There were no monsters in sight!

Vanquished Creatures
  A two-headed ogre (D:7)
  Pikel (D:6)
  Maggie (D:7)
  Grinder (D:3)
  A wyvern (D:7)
  10 yaks (D:8)
  Menkaure (D:6)
  A steam dragon (D:6)
  Duvessa (D:7)
  9 orc warriors (Bailey)
  3 sky beasts
  Pargi (D:3)
  A water moccasin (D:7)
  3 black bears
  2 centaurs
  A lemure (D:6)
  A bullfrog (D:8)
  3 necrophages
  A scorpion (D:6)
  Dowan (D:7)
  5 killer bees (D:8)
  A howler monkey (D:7)
  An orc priest (D:5)
  Crazy Yiuf (D:2)
  2 jellies (D:4)
  3 hounds
  5 iguanas
  4 orc wizards
  A hound zombie (D:4)
  3 gnolls (D:3)
  9 adders
  A white imp (D:6)
  An adder zombie (D:4)
  3 worms
  2 dart slugs
  23 orcs
  10 endoplasms
  4 giant cockroaches (D:2)
  10 goblins
  8 hobgoblins
  4 quokkas
  9 ball pythons
  3 bats
  6 frilled lizards
  6 kobolds
  4 rats
173 creatures vanquished.

Vanquished Creatures (others)
  A butterfly (D:6)
1 creature vanquished.

Grand Total: 174 creatures vanquished

Notes
Turn   | Place    | Note
-------+----------+-------------------------------------------
     0 | D:1      | experimilk the Draconian Conjurer began the quest for the
                  | Orb.
     0 | D:1      | Reached XP level 1. HP: 14/14 MP: 3/3
   398 | D:1      | Reached XP level 2. HP: 20/20 MP: 0/5
   401 | D:1      | Learned a level 2 spell: Searing Ray
   486 | D:1      | Found a faded altar of an unknown god.
  1276 | D:2      | Reached skill level 5 in Conjurations
  1276 | D:2      | Reached XP level 3. HP: 23/26 MP: 1/6
  1458 | D:2      | Identified the +11 whip of Mana {vamp, rN+ rCorr Dex+3}
  1514 | D:2      | Found a runed translucent door.
  1515 | D:2      | Noticed Crazy Yiuf
  1674 | D:2      | Reached XP level 4. HP: 33/33 MP: 7/7
  2078 | D:2      | Killed Crazy Yiuf
  2267 | D:3      | Noticed Grinder
  2269 | D:3      | Paralysed by Grinder for 2 turns
  2277 | D:3      | Paralysed by Grinder for 4 turns
  2283 | D:3      | Killed Grinder
  2284 | D:3      | Reached XP level 5. HP: 38/38 MP: 2/8
  2284 | D:3      | Reached XP level 6. HP: 45/45 MP: 2/9
  2524 | D:3      | Noticed Pargi
  2534 | D:3      | Killed Pargi
  2759 | D:3      | Found a burning altar of Makhleb.
  2759 | D:3      | Noticed a balrug
  2763 | D:3      | Noticed a smoke demon
  2763 | D:3      | Noticed a ynoxinul
  2999 | D:4      | Found a runed translucent gate.
  2999 | D:4      | Found a runed translucent gate.
  2999 | D:4      | Found a runed translucent gate.
  2999 | D:4      | Noticed olddryhag's ghost (amateur DrCj)
  3001 | D:4      | Found a basalt altar of Yredelemnul.
  3403 | D:4      | Your scales start taking on a pale cyan-grey colour.
  3403 | D:4      | Reached XP level 7. HP: 50/50 MP: 6/10
  3403 | D:4      | Gained mutation: You are immune to the effects of steam.
                  | [Pale Draconian growth]
  3881 | D:5      | Entered Level 5 of the Dungeon
  4166 | D:5      | Reached skill level 1 in Evocations
  4172 | D:5      | Reached skill level 1 in Fighting
  4463 | D:5      | You fall into a shaft and drop 2 floors!
  4464 | D:7      | Noticed Dowan
  4497 | D:6      | Noticed Menkaure
  4500 | D:6      | Killed Menkaure
  4501 | D:6      | Reached skill level 2 in Fighting
  4501 | D:6      | Reached XP level 8. HP: 42/61 MP: 9/13
  4890 | D:6      | Found a white marble altar of Elyvilon.
  4908 | D:6      | Reached skill level 3 in Fighting
  4908 | D:6      | Reached skill level 5 in Spellcasting
  4999 | D:6      | Learned a level 4 spell: Iskenderun's Mystic Blast
  5053 | D:6      | Identified the +4 spear of Tender Mercy {antimagic, rPois
                  | Int+10 Dex-2}
  5054 | D:6      | Found a staircase to the Ecumenical Temple.
  5067 | Temple   | Entered the Ecumenical Temple
  5171 | D:6      | Reached skill level 4 in Fighting
  5246 | D:6      | Reached skill level 5 in Fighting
  5585 | D:6      | Noticed Pikel
  5593 | D:6      | Killed Pikel
  5594 | D:6      | Reached skill level 7 in Fighting
  5594 | D:6      | Reached XP level 9. HP: 76/79 MP: 11/16
  5982 | D:7      | Reached skill level 8 in Fighting
  6162 | D:7      | Noticed a two-headed ogre
  6185 | D:7      | Killed a two-headed ogre
  6186 | D:7      | Reached skill level 10 in Fighting
  6266 | D:7      | Found a glowing golden altar of the Shining One.
  6269 | D:7      | Noticed Maggie
  6282 | D:7      | Killed Maggie
  6283 | D:7      | Reached skill level 11 in Fighting
  6409 | D:7      | Found a broken altar of Ashenzari.
  6468 | D:7      | Noticed Duvessa
  6480 | D:7      | Killed Duvessa
  6484 | D:7      | Killed Dowan
  6485 | D:7      | Reached XP level 10. HP: 66/96 MP: 11/17
  6935 | D:8      | Reached skill level 12 in Fighting
  6963 | D:8      | Found a flagged portal.
  6970 | Bailey   | Entered a bailey
  8532 | Bailey   | Reached skill level 13 in Fighting
  8957 | Bailey   | Noticed an orc knight
  8957 | Bailey   | Noticed an orc knight
  9136 | D:8      | Acquired the ring "Keunel" {MP+9 Str+2}
  9251 | D:8      | Reached skill level 14 in Fighting
  9276 | D:8      | Quit the game

Illustrated notes

Levels and vault maps discovered:
D:1:      sevenhm_arrival_forest_fort_small_3, layout_basic,
          basic_ecumenical_altar, serial_park_tiny_pond, dk_noncrumbling_4
D:2:      layout_loops_ring, minmay_worlds_worst_comb, uniq_crazy_yiuf_cottage
D:3:      layout_rooms, makhleb_altar_promises_db, uniq_pargi, uniq_grinder
D:4:      minmay_chambers_of_threes, layout_basic,
          nicolae_yredelemnul_ghost_church, kennysheep_generic_room_13
D:5:      layout_rooms
D:6:      layout_basic, nicolae_elyvilon_peaceful_grove, temple_pool_b,
          grunt_decor_junction, sigmund_army, uniq_menkaure, uniq_pikel
D:7:      layout_basic, grunt_temple_overflow_open, uniq_maggie, uniq_duvessa
D:8:      layout_loops_ring, mainiacjoe_overflow_surrounded_room,
          serial_aquarium, aquarium_bridge_square [aquarium_subvault_bridge,
          aquarium_subvault_balcony, aquarium_subvault_balcony,
          aquarium_subvault_wall], aquarium_window_2, aquarium_window_fake,
          aquarium_window_2, aquarium_view_2a, aquarium_pool_2, enter_bailey_3
Temple:   jpeg_temple_clearing

Skill      XL: |  1  2  3  4  5  6  7  8  9 10 |
---------------+-------------------------------+-----
Conjurations   | 5 7 8 9 |  9.0
Evocations     | 2 3 |  3.0
Fighting       | 2 7 11 14 | 14.0
Spellcasting   | 3 5 |  5.0
Dodging        | |  1.7
Stealth        | |  1.7

Action                   |  1- 3 |  4- 6 |  7- 9 | 10-12 || total
-------------------------+-------+-------+-------+-------++-------
Melee: Short sword       |    10 |       |       |       ||    10
       Unarmed           |     3 |       |       |       ||     3
       Whip              |    20 |    48 |     9 |     9 ||    86
       Tailslap          |       |     6 |     1 |       ||     7
 Cast: Magic Dart        |    42 |    25 |    72 |       ||   139
       Searing Ray       |     3 |    13 |    48 |    23 ||    87
       Iskenderun's Myst |       |       |     4 |     7 ||    11
 Abil: Breathe Steam     |       |       |    12 |    11 ||    23
Evoke: Wand              |       |       |     2 |       ||     2
  Use: Scroll            |       |     6 |     3 |     4 ||    13
 Stab: Sleeping          |     2 |     1 |       |       ||     3
Armor: Skin              |    16 |    23 |    21 |    13 ||    73
Dodge: Dodged            |    23 |    33 |    37 |    36 ||   129

Table legend: (Time is in decaauts)
 A = Elapsed time spent in this place.
 B = Non-inter-level travel time spent in this place.
 C = Inter-level travel time spent in this place.
 D = Time resting spent in this place.
 E = Time spent auto-exploring this place.
 F = Levels seen in this place.
 G = Mean time per level.
                   A        B        C        D        E       F      G
               +--------+--------+--------+--------+--------+-----+--------+
         Total |   9341 |   9122 |    219 |   2784 |   4861 |  10 |  934.1 |
       Dungeon |   7194 |   6975 |    219 |   1094 |   4794 |   8 |  899.2 |
        Temple |     91 |     91 |      0 |      0 |     67 |   1 |   91.0 |
        Bailey |   2055 |   2055 |      0 |   1690 |      0 |   1 | 2055.0 |
               +--------+--------+--------+--------+--------+-----+--------+

Top non-repeatable levels by time:
  Bailey: 2055 daAuts
     D:6: 1349 daAuts
     D:1: 1328 daAuts
     D:4: 970 daAuts
     D:2: 843 daAuts
     D:3: 744 daAuts
     D:7: 709 daAuts
     D:5: 650 daAuts
     D:8: 598 daAuts
  Temple: 91 daAuts
